 Dungeon Crawl Stone Soup version 0.28.0-49-g6dfe1f597d (webtiles) character file.

Game seed: 7163241108678505767

646 klau3 the Chopper (level 7, 0/53 HPs)
             Began as a Djinni Berserker on May 17, 2022.
             Was a Believer of Trog.
             Slain by an orc
             ... wielding a +2 vorpal flail
              (3 damage)
             ... on level 6 of the Dungeon.
             The game lasted 00:07:40 (3943 turns).

klau3 the Chopper (Djinni Berserker)                Turns: 3943, Time: 00:07:42

Health: 0/53       AC:  8    Str: 18    XL:     7   Next: 82%
Gold:   110        EV: 10    Int:  9    God:    Trog [**....] SH:  0 Dex: 12

rFire   + + .      SeeInvis .   o - +2 quarterstaff (chaos)
rCold   x . .      Faith    .   (shield currently unavailable)
rNeg    . . .      Spirit   .   i - +0 scale mail
rPois   ∞          Reflect  .   g - +0 helmet
rElec   .          Harm     .   (no cloak)
rCorr   .          Rampage  .   (no gloves)
Will    .....                   (boots unavailable)
Stlth   ..........              (no amulet)
HPRegen 0.17/turn               (no ring)
MPRegen 0.00/turn               (no ring)

@: on berserk cooldown, flying, slowed, very slow
A: sickness immunity, fire resistance 2, cold vulnerability 1, float, innate
caster, HP casting, extra vitality 1
a: Renounce Religion, Berserk, Trog's Hand


You were on level 6 of the Dungeon.
You worshipped Trog.
Trog was pleased with you.
You visited 1 branch of the dungeon, and saw 5 of its levels.

You collected 110 gold pieces.

Inventory:

Hand Weapons
 a - a +0 hand axe
 o - a +2 quarterstaff of chaos (weapon)
Armour
 b - a +0 animal skin
 g - a +0 helmet (worn)
 i - a +0 scale mail (worn)
 k - a +0 helmet
 p - a +0 cloak
Scrolls
 c - a scroll of vulnerability {unknown}
 d - 3 scrolls of identify {unknown}
 e - a scroll of noise {unknown}
 h - 2 scrolls of magic mapping {unknown}
 m - a scroll of summoning {unknown}
 n - a scroll of immolation {unknown}
 s - a scroll of enchant armour {unknown}
Potions
 f - 3 potions of lignification {unknown}
 j - a potion of resistance {unknown}
 l - 2 potions of heal wounds {unknown}
 q - a potion of curing {unknown}
 r - a potion of mutation {unknown}
 t - a potion of degeneration {unknown}


   Skills:
 + Level 4.4 Fighting
 + Level 5.5 Axes
 + Level 3.4 Armour
 + Level 3.4 Dodging
 + Level 0.3 Stealth


You couldn't memorise any spells.
You knew the following spells:

 Your Spells              Type           Power      Damage    Failure   Level
a - Animate Skeleton      Necr           0%         N/A       77%         1
b - Blink                 Tloc           0%         N/A       88%         2
c - Frozen Ramparts       Ice            0%         1d2       98%         3
Your spell library was empty.

Dungeon Overview and Level Annotations

Branches:
Dungeon (4/15)
 Temple: D:4-7

Altars:

Portals:
Abyss: D:3

Annotations:
D:3 2 transporters, nickcage's ghost, amateur FoGl


Innate Abilities, Weirdness & Mutations

You are immune to sickness and miasma.
You are immune to poison.
Your flesh is very heat resistant. (rF++)
You are vulnerable to cold. (rC-)
You float through the air rather than walking.
You learn spells naturally, not from books.
Your magical power is your life essence.
You have superior vitality. (+4 MHP)


Message History

The orc hits you with a +2 vorpal flail.
The orc wizard hits you with a +0 dagger.
The hound barely misses you. The orc wizard closely misses you.
You bump into the rock wall.
You feel less confused. The hound bites you but does no damage.
The hound bites you.
An orc comes into view. It is wielding a +0 war axe.
The orc wizard hits you but does no damage.
The orc closely misses you. The hound misses you.
The orc shouts!
You hit the orc wizard.
The orc wizard is poisoned.
The orc wizard is moderately wounded.
The hound bites you.
The orc wizard hits you but does no damage.
The orc hits you with a +2 vorpal flail.
The hound bites you but does no damage. The orc hits you but does no damage.
The orc wizard hits you with a +0 dagger.
* * * LOW HITPOINT WARNING * * *
You closely miss the orc wizard.
The orc wizard is moderately wounded.
The hound barely misses you. The hound closely misses you.
The orc wizard misses you. The orc misses you.
The hound bites you but does no damage.
The orc hits you with a +2 vorpal flail!
* * * LOW HITPOINT WARNING * * *
x2 The orc wizard hits you but does no damage.
You barely miss the orc wizard.
The orc wizard is heavily wounded.
The hound barely misses you. The hound closely misses you.
The orc closely misses you.
The orc wizard hits you with a +0 dagger.
* * * LOW HITPOINT WARNING * * *
The hound bites you but does no damage. The orc wizard misses you.
You sock the orc wizard!
You kill the orc wizard!
Trog accepts your kill.
Trog appreciates your killing of a magic user.
The hound bites you but does no damage. The hound barely misses you.
The orc hits you with a +2 vorpal flail.
You die...

..# .#.. #.#
###...# ###.#
#...... ....#......
. #.#.#.#.###..
###...<........
.#.##......{.$.....
..........#h#.###..
..........o@Z.....#
##.###....#o#.###..
##.#.....#
#.###.### ... ..#
.#.# ### #.#.# .


You could see a hound, 2 orcs and a bullfrog zombie.

Vanquished Creatures
  Grinder (D:3)
  Sigmund (D:2)
  An ogre (D:3)
  A hound (D:3)
  Crazy Yiuf (D:2)
  An orc wizard (D:6)
  Natasha (D:4)
  6 adders
  2 worms
  3 dart slugs
  An orc (D:4)
  5 bats
  6 endoplasms
  2 giant cockroaches
  7 goblins
  6 hobgoblins
  2 jackals (D:2)
  9 kobolds
  4 quokkas
  10 ball pythons
  6 frilled lizards
  7 rats
83 creatures vanquished.

Vanquished Creatures (others)
  8 toadstools (D:4)
8 creatures vanquished.

Grand Total: 91 creatures vanquished

Notes
Turn   | Place    | Note
-------+----------+-------------------------------------------
     0 | D:1      | klau3 the Djinni Berserker began the quest for the Orb.
     0 | D:1      | Reached XP level 1. HP: 20/20 MP: 0/0
    72 | D:1      | Reached XP level 2. HP: 18/25 MP: 0/0
   522 | D:1      | Reached XP level 3. HP: 28/30 MP: 0/0
   522 | D:1      | Learned a level 1 spell: Animate Skeleton
   858 | D:1      | Reached skill level 3 in Axes
  1080 | D:2      | Reached ** piety under Trog
  1095 | D:2      | Reached XP level 4. HP: 32/35 MP: 0/0
  1490 | D:2      | Noticed Sigmund
  1509 | D:2      | Killed Sigmund
  1510 | D:2      | Reached skill level 4 in Axes
  1510 | D:2      | Reached XP level 5. HP: 41/41 MP: 0/0
  1510 | D:2      | Learned a level 2 spell: Blink
  1510 | D:2      | Reached XP level 6. HP: 47/47 MP: 0/0
  1589 | D:2      | Found a runed translucent door.
  1590 | D:2      | Noticed Crazy Yiuf
  1719 | D:2      | Killed Crazy Yiuf
  1784 | D:3      | Found a transporter.
  1908 | D:3      | Found a one-way gate to the infinite horrors of the Abyss.
  1908 | D:3      | Noticed nickcage's ghost (amateur FoGl)
  1913 | D:3      | Noticed Grinder
  1920 | D:3      | Paralysed by Grinder for 6 turns
  1940 | D:3      | Killed Grinder
  1941 | D:3      | Reached skill level 5 in Axes
  1941 | D:3      | Reached XP level 7. HP: 52/52 MP: 0/0
  1941 | D:3      | Learned a level 3 spell: Frozen Ramparts
  2827 | D:3      | Noticed a small abomination
  3174 | D:3      | Found a transporter.
  3702 | D:4      | Noticed Natasha
  3709 | D:4      | Killed Natasha
  3921 | D:4      | You are sucked into a shaft and drop 2 floors!
  3943 | D:6      | Slain by an orc

Illustrated notes

Levels and vault maps discovered:
D:1:      minmay_arrival_open_corners, layout_rooms, hangedman_feature_mirror
D:2:      layout_rooms, kennysheep_big_empty_room, kennysheep_another_room,
          uniq_sigmund, uniq_crazy_yiuf_cottage
D:3:      layout_basic, gammafunk_ghost_abyssal_escape, serial_corexii_hall,
          chequers_hall_statues_corner_a, corexii_hall_statues_l,
          chequers_hall_statues_y, chequers_hall_statues_wall_a,
          amethyst_killhole, uniq_grinder
D:4:      cheibrodos_fertilizer, layout_layer_cave,
          minmay_temple_entry_glassed_door, minmay_misc_feat_ornament,
          moated_statue, uniq_natasha
D:6:      layout_loops_ring, uniq_blork_the_orc

Skill      XL: |  1  2  3  4  5  6 |
---------------+-------------------+-----
Axes           | 3 4 5 |  5.5
Fighting       | 4 |  4.4
Dodging        | 3 |  3.4
Armour         | 3 |  3.4
Stealth        | |  0.3

Action                   |  1- 3 |  4- 6 |  7- 9 || total
-------------------------+-------+-------+-------++-------
Melee: Hand axe          |    94 |    78 |    78 ||   250
       Punch             |     2 |     1 |     2 ||     5
       Quarterstaff      |       |       |    11 ||    11
Invok: Berserk           |     3 |     3 |     1 ||     7
       Trog's Hand       |       |     2 |       ||     2
Armor: Animal skin       |    12 |       |       ||    12
       Scale mail        |    17 |    35 |    49 ||   101
Dodge: Dodged            |    70 |    66 |    62 ||   198
